AoeStats
← OMEN 7776698

Pilgrims

510185216Analyzed
2v2 RM · 1d ago on Sep 29, 2026· 35m 57s· 4 players
Game mode
Random Map
Map size
Medium (4 player)
Population
200
Speed
Normal
Resources
Standard
Victory
Conquest
Starting age
Dark Age
Ending age
Imperial Age
RankedLock teamsTeams togetherTeam positionsShared explorationLock speedFull tech treeHidden civsTurbo modeCheats
Victory
Defeat
🇫🇷 Japanese · France
683
+15
🇫🇷 Khmer · France
675
+15
🇨🇴 Turks · Colombia
685
-16
🇳🇴 Huns · Norway
634
-14
OMEN 7776698
6:22 Loom
10:56 Feudal Age
11:39 Double-Bit Axe
14:55 Wheelbarrow
14:09 Town Watch
15:53 Gold Mining
15:55 Stone Mining
19:07 Castle Age
19:22 Fishing Lines
24:48 Scale Barding Armor
24:54 Forging
26:29 Chain Barding Armor
27:31 Iron Casting
27:10 Bloodlines
27:01 Husbandry
Fulgur
6:03 Loom
17:46 Feudal Age
18:04 Man-at-Arms
19:20 Forging
19:11 Scale Mail Armor
25:49 Castle Age
28:14 Town Watch
28:23 Fletching
28:33 Padded Archer Armor
29:51 Town Patrol
30:09 Leather Archer Armor
29:50 Bodkin Arrow
30:27 Ballistics
30:17 Scale Barding Armor
31:49 Thumb Ring
Dood
6:09 Loom
12:23 Feudal Age
13:46 Wheelbarrow
12:56 Town Watch
13:08 Double-Bit Axe
25:35 Castle Age
32:27 Yasama
35:52 Forging
35:43 Scale Mail Armor
35:43 Padded Archer Armor
35:49 Scale Barding Armor
Adre
9:04 Loom
10:56 Feudal Age
14:05 Castle Age
14:53 Double-Bit Axe
18:29 Wheelbarrow
17:48 Town Watch
18:53 Bow Saw
19:04 Town Patrol
20:26 Fletching
21:49 Padded Archer Armor
23:17 Hand Cart
26:33 Forging
27:59 Ballistics
27:59 Bloodlines
30:37 Iron Casting
30:07 Husbandry
33:48 Imperial Age
31:47 Scale Barding Armor
32:57 Masonry
33:10 Light Cavalry
34:14 Horse Collar
34:25 Heavy Cavalry Archer
36:01 Murder Holes
Connection lost

Rejoining the realm…

Still unreachable

The connection could not be restored.

Session expired

The server has moved on; the page needs a fresh start.